 Dungeon Crawl Stone Soup version 0.29.0-13-gc9e81de378 (webtiles) character file.

Game seed: 10654711885336289093

179308 concernfroge the Spear-Bearer (level 17, 0/128 HPs)
             Began as a Mummy Monk on Sept 11, 2022.
             Was an Initiate of Gozag.
             Slain by a wolf spider (4 damage)
             ... on level 3 of the Spider Nest.
             The game lasted 01:51:14 (30088 turns).

concernfroge the Spear-Bearer (Mummy Monk)         Turns: 30088, Time: 01:51:15

Health: 0/128      AC: 26    Str: 27    XL:     17   Next: 60%
Magic:  17/17      EV:  8    Int:  8    God:    Gozag
Gold:   7896       SH:  0    Dex: 10    Spells: 16/16 levels left

rFire   . . .      SeeInvis .   a - +9 demon trident (venom)
rCold   + + .      Faith    .   B - +2 tower shield {rC+}
rNeg    + + +      Spirit   .   m - +1 plate armour of the Stallion {+Inv Fly Regen+ Dex-4}
rPois   ∞          Reflect  .   e - +2 helmet
rElec   .          Harm     .   M - +0 cloak
rCorr   .          Rampage  .   c - +2 pair of gloves {Stlth+}
Will    ++++.                   w - +1 pair of boots
Stlth   ..........              C - necklace of Bloodlust {*Rage Will++ Int-3 Slay+6}
HPRegen 1.11/turn               g - ring of protection from fire
MPRegen 0.15/turn               h - +6 ring of strength

@: confused, flying
A: cold resistance 1, negative energy resistance 3, torment resistance 2, heat
vulnerability 1, in touch with death 2, no potions
a: Renounce Religion, Evoke Invisibility, Potion Petition, Call Merchant, Bribe
Branch


You were on level 3 of the Spider Nest.
You worshipped Gozag.
Gozag was greatly pleased with you.
You visited 6 branches of the dungeon, and saw 29 of its levels.
You also visited: Ice Cave.

You collected 11075 gold pieces.
You spent 681 gold pieces at shops.
You paid 2498 gold pieces to Gozag.

Inventory:

Hand Weapons
 a - a +9 demon trident of venom (weapon)
 b - the +5 trident "Koibbe" {vorpal, rF++ Dex+2}
   (You found it on level 4 of the Dungeon)

   It inflicts extra damage upon your enemies.
   Dex:       It affects your dexterity (+2).
   rF:        It greatly protects you from fire.
Missiles
 j - 44 poisoned darts
 u - 8 boomerangs (quivered)
 N - 3 silver boomerangs
 P - 6 silver javelins
 S - 2 atropa-tipped darts
Armour
 c - a +2 pair of gloves of stealth (worn)
 e - a +2 helmet (worn)
 m - the +1 plate armour of the Stallion (worn) {+Inv Fly Regen+ Dex-4}
   (You found it in an ice cave)

   Dex:       It affects your dexterity (-4).
   +Inv:      It lets you turn invisible.
   Fly:       It grants you flight.
   Regen:     It increases your rate of health regeneration.
 p - a +0 kite shield of reflection
 v - a +1 scale mail of cold resistance
 w - a +1 pair of boots (worn)
 x - a +2 ring mail of fire resistance
 B - a +2 tower shield of cold resistance (worn)
 M - a +0 cloak (worn)
Jewellery
 d - a ring of resist corrosion
 g - a ring of protection from fire (left hand)
 h - a +6 ring of strength (right hand)
 o - an amulet of reflection
 s - a ring of ice
 C - the necklace of Bloodlust (around neck) {*Rage Will++ Int-3 Slay+6}
   (You found it on level 7 of the Dungeon)

   [amulet of nothing]

   It extends the wearer's berserk rage when killing foes.
   Int:       It affects your intelligence (-3).
   Slay:      It affects your accuracy & damage with ranged weapons and melee
   (+6).
   *Rage:     It berserks you when you make melee attacks (+50% chance).
   Will:      It greatly increases your willpower.
 D - a ring of fire
 W - a ring of protection from fire
Wands
 t - a wand of flame (58)
 y - a wand of digging (11)
 z - a wand of roots (7)
 G - a wand of polymorph (11)
 H - a wand of charming (9)
Scrolls
 f - 18 scrolls of identify
 i - 6 scrolls of enchant armour
 l - 5 scrolls of noise
 n - 5 scrolls of poison
 q - a scroll of fog
 r - 2 scrolls of amnesia
 E - 2 scrolls of vulnerability
 F - 2 scrolls of magic mapping
 I - 6 scrolls of teleportation
 J - a scroll of torment
 L - 2 scrolls of immolation
 O - a scroll of fear
 T - 5 scrolls of enchant weapon
 V - a scroll of summoning
Miscellaneous
 k - a phantom mirror
 A - a box of beasts
 K - a condenser vane (inert)
 R - a piece from Xom's chessboard (13/15)


   Skills:
 - Level 10.0 Fighting
 - Level 14.0 Polearms
 - Level 10.0 Throwing
 - Level 10.0 Armour
 - Level 12.0 Dodging
 + Level 9.2 Stealth
 - Level 10.0 Shields
 - Level 10.0 Evocations


You had 16 spell levels left.
You didn't know any spells.
Your spell library contained the following spells:

 Spells                   Type           Power      Damage    Failure   Level
 Foxfire                  Conj/Fire      0%         2x1d4     100%        1
 Magic Dart               Conj           0%         1d3       100%        1
 Slow                     Hex            0%         N/A       100%        1
 Call Imp                 Summ           0%         N/A       100%        2
 Ensorcelled Hibernation  Hex/Ice        0%         N/A       100%        2
 Scorch                   Fire           0%         2d5       100%        2
 Searing Ray              Conj           0%         2d4       100%        2
 Static Discharge         Conj/Air       0%         3-3/arc   100%        2
 Confusing Touch          Hex            0%         N/A       100%        3
 Conjure Flame            Conj/Fire      0%         6-21      100%        3
 Frozen Ramparts          Ice            0%         1d1       100%        3
 Inner Flame              Hex/Fire       0%         N/A       100%        3
 Mephitic Cloud           Conj/Pois/Air  0%         N/A       100%        3
 Ozocubu's Armour         Ice            0%         N/A       100%        3
 Summon Guardian Golem    Hex/Summ       0%         N/A       100%        3
 Vampiric Draining        Necr           0%         2d6       100%        3
 Airstrike                Air            0%         2d(0-16)  100%        4
 Anguish                  Hex/Necr       0%         N/A       100%        4
 Dispel Undead            Necr           0%         3d6       100%        4
 Flame Wave               Conj/Fire      0%         2d4       100%        4
 Fulminant Prism          Conj/Hex       0%         3d6       100%        4
 Passage of Golubria      Tloc           0%         N/A       100%        4
 Sticky Flame             Conj/Fire      0%         2d3       100%        4
 Summon Ice Beast         Ice/Summ       0%         N/A       100%        4
 Summon Lightning Spire   Summ/Air       0%         N/A       100%        4
 Freezing Cloud           Conj/Ice/Air   0%         6-21      100%        5
 Lightning Bolt           Conj/Air       0%         1d11      100%        5
 Metabolic Englaciation   Hex/Ice        0%         N/A       100%        5
 Silence                  Hex/Air        0%         N/A       100%        5
 Yara's Violent Unravell  Hex/Tmut       0%         3d3       100%        5
 Death Channel            Necr           0%         N/A       100%        6
 Summon Cactus Giant      Summ           0%         N/A       100%        6
 Enfeeble                 Hex            0%         N/A       100%        7
 Ozocubu's Refrigeration  Ice            0%         4d7       100%        7
 Lehudib's Crystal Spear  Conj/Erth      0%         10d2      100%        8
 Maxwell's Capacitive Co  Air            0%         ∞         100%        8
 Polar Vortex             Ice            0%         N/A       100%        9
 Spider Form              Tmut/Pois      Unusable   N/A       N/A         3
 Corpse Rot               Necr/Pois/Air  Unusable   N/A       N/A         4
 Ice Form                 Ice/Tmut       Unusable   N/A       N/A         4
 Simulacrum               Ice/Necr       Unusable   N/A       N/A         6

Dungeon Overview and Level Annotations

Branches:
Dungeon (15/15)            Temple (1/1) D:4            Lair (5/5) D:10
  Swamp (3/4) Lair:3       Spider (3/4) Lair:2        Slime (0/5) Lair:5
    Orc (2/2) D:12            Elf (0/3) Orc:2        Vaults (0/5) D:13
 Depths (0/4) D:15          IceCv (visited)

Altars:
Ashenzari
Cheibriados
Dithmenos
Fedhas
Gozag
Hepliaklqana
Kikubaaqudgha
Makhleb
Nemelex Xobeh
Okawaru
Qazlal
Ru
Sif Muna
Trog
Uskayaw
Vehumet
Wu Jian
Xom
Yredelemnul
Jiyva

Shops:
D:4 [   D:5 *   Orc:2 ?(*:

Portals:
Pandemonium: Orc:2

Annotations:
Orc:1 1 runed translucent door, Tollund's ghost, journeyman BaIE


Innate Abilities, Weirdness & Mutations

You are immune to poison.
Your flesh is cold resistant. (rC+)
You are immune to negative energy. (rN+++)
You are immune to unholy pain and torment.
You are vulnerable to heat. (rF-)
You are strongly in touch with the powers of death.
You do not drink.


Message History

* * * LOW HITPOINT WARNING * * *
The wolf spider hits you but does no damage.
The wolf spider bites you but does no damage.
You're too confused to move!
The wolf spider hits you.
* * * LOW HITPOINT WARNING * * *
The wolf spider bites you but does no damage.
The wolf spider hits you.
* * * LOW HITPOINT WARNING * * *
The wolf spider bites you but does no damage.
The wolf spider hits you.
* * * LOW HITPOINT WARNING * * *
The wolf spider bites you but does no damage.
You're too confused to move!
The wolf spider hits you!
* * * LOW HITPOINT WARNING * * *
The wolf spider bites you but does no damage.
The wolf spider hits you but does no damage.
The wolf spider barely misses you.
The wolf spider is distracted by your dazzling golden aura.
Unknown command.
Unknown command.
The wolf spider hits you but does no damage.
The wolf spider bites you but does no damage.
The wolf spider's many legs skitter.
The wolf spider is distracted by your dazzling golden aura.
The wolf spider is no longer distracted by gold.
You're too confused to move!
The wolf spider is no longer distracted by gold.
The wolf spider hits you but does no damage.
The wolf spider bites you.
* * * LOW HITPOINT WARNING * * *
Unknown command.
The wolf spider hits you but does no damage.
The wolf spider bites you but does no damage.
You are too confused!
You barely miss the wolf spider.
The wolf spider hits you but does no damage.
The wolf spider bites you but does no damage.
The wolf spider hits you.
You die...
Your body crumbles into a pile of gold.

## #### #.##
#..#####..# #
#........[#### #
##...........#
###^.)..(.....#
#^............#
.....##....#.#####
....###...##.#.s@#
...## #........s.#
....####..^..$..##
.#....####....#..#
##^..## ##.$$.[##
##.## ##......#
### ......##
#........
##......##


You could see 2 wolf spiders.

Vanquished Creatures
  Jorgrun (D:15)
  A tentacled monstrosity (Swamp:1)
  Kirke (D:15)
  An emperor scorpion (Spider:2)
  A ghost moth (Spider:2)
  3 ghouls (Swamp:1)
  2 green draconians (Swamp:1)
  2 eleionomae
  Azrael (Orc:2)
  5 bunyips
  The ghost of groovy9 the Grappler, a journeyman TrBe of Trog (Orc:2)
  Josephine (Lair:4)
  An ogre mage (D:13)
  4 vault guards (D:13)
  8 boulder beetles
  18 hydras
  A jorogumo (Spider:2)
  3 demonspawn (Orc:2)
  2 radroaches
  A centaur warrior (D:10)
  3 catoblepae (Lair:5)
  7 two-headed ogres
  3 alligators
  2 tengu warriors
  5 orc high priests (Orc:2)
  13 death yaks
  Nergalle (Lair:2)
  A soul eater (Orc:2)
  A golden dragon zombie (D:15)
  3 pharaoh ants
  3 orb spiders
  A death drake (Swamp:2)
  5 skeletal warriors (D:15)
  2 spriggan druids
  6 goliath frogs
  2 steelbarb worms
  2 deep trolls (D:7)
  8 swamp dragons
  A bog body (Swamp:2)
  A necromancer (D:15)
  A lindwurm (Lair:4)
  A golden dragon skeleton (D:15)
  A phantasmal warrior (D:15)
  2 deep elf pyromancers (D:15)
  8 ugly things
  5 cyclopes
  3 moths of wrath (Spider:2)
  3 orc knights
  7 orc sorcerers
  11 wolf spiders
  3 will-o-the-wisps
  2 manticores (Lair:5)
  3 black mambas
  A frost giant zombie (D:15)
  Maurice (D:12)
  19 elephants
  A rust devil (Orc:2)
  3 torpor snails
  2 guardian serpents (D:11)
  10 cane toads
  2 demonic crawlers
  An ice statue (IceCv)
  8 komodo dragons
  3 unseen horrors
  2 kobold demonologists
  2 rime drakes
  An efreet (D:13)
  A freezing wraith (D:15)
  3 tengu conjurers (D:13)
  A queen bee (D:11)
  17 polar bears
  3 meliai (Spider:3)
  Prince Ribbit (Lair:1)
  8 trolls
  11 slime creatures
  15 tarantellas
  3 hornets
  A hornet (shapeshifter) (D:15)
  27 blink frogs
  9 tyrant leeches
  11 dream sheep
  An ettin zombie (D:15)
  12 culicivoras
  2 centaur simulacra
  A jumping spider (shapeshifter) (D:15)
  5 spriggans
  14 jumping spiders
  A shadow (D:12)
  A vampire (D:12)
  66 yaks
  A water elemental (D:12)
  8 wyverns
  5 wraiths
  2 humans (D:15)
  30 redbacks
  4 fire elementals (Orc:2)
  A basilisk (shapeshifter) (D:15)
  8 vampire mosquitoes
  8 basilisks
  18 water moccasins
  2 wargs
  2 acid dragons
  A floating eye (D:10)
  9 swamp worms
  2 hell hounds (Orc:2)
  5 swamp drakes
  28 orc warriors
  A black bear (D:6)
  5 ice beasts
  2 sky beasts (D:6)
  4 ogres
  26 wolves
  4 centaurs
  6 kobold brigands
  2 necrophages (Swamp:1)
  10 bullfrogs
  2 scorpions (D:5)
  A gnoll sergeant (D:11)
  17 wights
  33 killer bees
  A spectral ogre (Orc:2)
  7 electric eels
  A howler monkey (D:10)
  2 jellies
  24 orc priests
  4 hounds
  A gnoll bouda (D:6)
  4 iguanas
  A spectral orc (Orc:2)
  4 hell rats (Lair:5)
  16 orc wizards
  Robin (D:3)
  6 gnolls
  An ogre simulacrum (Orc:2)
  7 adders
  17 white imps
  2 ufetubi (D:11)
  A worm (D:2)
  2 dart slugs
  70 orcs
  3 orc simulacra (Orc:2)
  7 ball pythons
  9 endoplasms
  3 giant cockroaches
  13 goblins
  13 hobgoblins
  6 jackals
  3 quokkas
  9 bats
  3 frilled lizards
  22 kobolds
  6 rats
  2 briar patches (Swamp:3)
966 creatures vanquished.

Vanquished Creatures (collateral kills)
  A thorn hunter (Swamp:3)
  Donald (Swamp:1)
  4 hydras
  An orc high priest (Orc:2)
  An orc sorcerer (Orc:2)
  A hellwing (Orc:2)
  A hog (D:15)
  2 fire elementals (Orc:2)
  A swamp worm (Swamp:1)
  3 orc warriors (Orc:2)
  An ogre (Orc:2)
  2 orc priests (Orc:2)
  An orc wizard (Orc:2)
  3 gnolls (D:11)
  2 orcs (Orc:2)
25 creatures vanquished.

Vanquished Creatures (others)
  A frost giant (IceCv)
  An orc high priest (Orc:2)
  2 orc knights (Orc:2)
  An orc warrior (Orc:2)
  2 bushes (Lair:5)
  4 foxfires (Swamp:1)
  24 fungi
  33 plants
  7 withered plants (D:15)
75 creatures vanquished.

Grand Total: 1066 creatures vanquished

Notes
Turn   | Place    | Note
-------+----------+-------------------------------------------
     0 | D:1      | concernfroge the Mummy Monk began the quest for the Orb.
     0 | D:1      | Reached XP level 1. HP: 18/18 MP: 1/1
   193 | D:1      | Reached XP level 2. HP: 24/24 MP: 2/2
   469 | D:1      | Found a faded altar of an unknown god.
   713 | D:2      | Gained mutation: You are in touch with the powers of death.
                  | [Mummy growth]
   713 | D:2      | Reached XP level 3. HP: 20/30 MP: 3/3
  1588 | D:2      | Reached XP level 4. HP: 37/38 MP: 4/4
  1810 | D:2      | Reached skill level 5 in Fighting
  2276 | D:3      | Identified a scroll of acquirement
  2281 | D:3      | Noticed Robin
  2552 | D:3      | Killed Robin
  2766 | D:4      | Reached XP level 5. HP: 46/46 MP: 5/5
  2869 | D:4      | Noticed an ice beast
  2897 | D:4      | Acquired a +0 demon trident of venom
  2907 | D:4      | Killed an ice beast
  2908 | D:4      | Reached XP level 6. HP: 19/53 MP: 6/6
  3167 | D:4      | Found a staircase to the Ecumenical Temple.
  3173 | D:4      | Found a burning altar of Makhleb.
  3191 | D:4      | Identified the +1 mace "Sigyutylun" {vorpal, Int+4 Dex+4}
  3197 | D:4      | Identified the +5 trident "Koibbe" {vorpal, rF++ Dex+2}
  3228 | Temple   | Entered the Ecumenical Temple
  3228 | Temple   | Found a transporter.
  3228 | Temple   | Found a transporter.
  3232 | Temple   | Found a transporter.
  3232 | Temple   | Found a transporter.
  3255 | Temple   | Became a worshipper of Gozag Ym Sagoz the Greedy
  3506 | D:4      | Found Doedimux's Antique Armour Emporium.
  3646 | D:5      | Entered Level 5 of the Dungeon
  4026 | D:5      | Reached XP level 7. HP: 58/62 MP: 7/7
  4140 | D:5      | Found Avapn's Assorted Antiques.
  4193 | D:5      | Bought a scroll of teleportation for 72 gold pieces
  4193 | D:5      | Bought a scroll of teleportation for 72 gold pieces
  4193 | D:5      | Bought a scroll of blinking for 180 gold pieces
  4303 | D:5      | Found a bloodstained altar of Trog.
  4777 | D:6      | Reached XP level 8. HP: 48/72 MP: 8/8
  5242 | D:6      | Reached skill level 10 in Fighting
  5357 | D:6      | Reached skill level 3 in Polearms
  5731 | D:7      | Noticed a deep troll
  5731 | D:7      | Noticed a deep troll
  5764 | D:7      | Killed a deep troll
  5765 | D:7      | Reached skill level 5 in Polearms
  6056 | D:7      | Killed a deep troll
  6057 | D:7      | Reached skill level 6 in Polearms
  6057 | D:7      | Reached XP level 9. HP: 78/78 MP: 9/9
  6097 | D:7      | Reached skill level 7 in Polearms
  6161 | D:7      | Noticed a two-headed ogre
  6185 | D:7      | Acquired a +6 ring of strength
  6398 | D:7      | Found a sacrificial altar of Ru.
  6415 | D:7      | Killed a two-headed ogre
  6416 | D:7      | Reached skill level 8 in Polearms
  7145 | D:8      | Reached skill level 9 in Polearms
  7286 | D:8      | Reached XP level 10. HP: 36/85 MP: 10/10
  7619 | D:8      | Noticed a two-headed ogre
  7634 | D:8      | Killed a two-headed ogre
  7635 | D:8      | Reached skill level 10 in Polearms
  7880 | D:8      | Noticed a cyclops
  7890 | D:8      | Killed a cyclops
  8448 | D:9      | Noticed a two-headed ogre
  8455 | D:9      | Killed a two-headed ogre
  8456 | D:9      | Reached skill level 11 in Polearms
  8770 | D:9      | Found a shadowy altar of Dithmenos.
  9272 | D:10     | Entered Level 10 of the Dungeon
  9363 | D:10     | Reached skill level 12 in Polearms
  9403 | D:10     | Reached XP level 11. HP: 41/90 MP: 11/11
  9408 | D:10     | Found a staircase to the Lair.
  9770 | D:10     | Found an ornate altar of the Wu Jian Council.
  9812 | D:10     | Noticed a two-headed ogre
  9818 | D:10     | Killed a two-headed ogre
 10125 | D:10     | Reached skill level 13 in Polearms
 10302 | D:10     | Noticed a centaur warrior
 10307 | D:10     | Noticed a two-headed ogre
 10312 | D:10     | Killed a centaur warrior
 10503 | D:11     | Reached skill level 14 in Polearms
 10711 | D:11     | Found a frozen archway.
 10718 | IceCv    | Entered an ice cave
 11024 | IceCv    | Reached skill level 5 in Dodging
 11026 | IceCv    | Reached XP level 12. HP: 76/97 MP: 12/12
 11224 | IceCv    | Reached skill level 1 in Shields
 11531 | IceCv    | Noticed a death yak
 11531 | IceCv    | Noticed a death yak
 11546 | IceCv    | Killed a death yak
 11554 | IceCv    | Noticed a frost giant
 11780 | IceCv    | Killed a death yak
 11966 | IceCv    | Reached skill level 5 in Shields
 11975 | IceCv    | Killed a frost giant
 12456 | IceCv    | Identified the +1 plate armour of the Stallion {+Inv Fly
                  | Regen+ Dex-4}
 12659 | D:11     | Reached skill level 1 in Evocations
 12844 | D:11     | Noticed a six-headed hydra
 12862 | D:11     | Killed a six-headed hydra
 12890 | D:11     | Noticed a seven-headed hydra
 12900 | D:11     | Killed a seven-headed hydra
 13307 | D:10     | a two-headed ogre changed into a floating eye
 13472 | D:10     | Gained mutation: You are strongly in touch with the powers
                  | of death. [Mummy growth]
 13472 | D:10     | Reached XP level 13. HP: 71/103 MP: 13/13
 13637 | Lair:1   | Entered Level 1 of the Lair of Beasts
 13665 | Lair:1   | Identified the +5 ring mail of the Farrier {rN++ Will-
                  | Str+6}
 13704 | Lair:1   | Noticed Prince Ribbit
 13722 | Lair:1   | Killed Prince Ribbit
 13939 | Lair:1   | Reached skill level 10 in Dodging
 14946 | Lair:2   | Found a hole to the Spider Nest.
 15239 | Lair:2   | Noticed Nergalle
 15251 | Lair:2   | Killed Nergalle
 15679 | D:7      | Found the necklace of Bloodlust {*Rage Will++ Int-3 Slay+6}
 16578 | Lair:3   | Identified the +7 rapier of Dividends {freeze, rC+ rN+
                  | Int+4}
 16594 | Lair:3   | Reached XP level 14. HP: 110/110 MP: 14/14
 16991 | Lair:3   | Found a staircase to the Swamp.
 17115 | Lair:4   | Noticed Josephine
 17128 | Lair:4   | Killed Josephine
 17420 | Lair:4   | Reached skill level 10 in Shields
 17429 | Lair:4   | Reached skill level 1 in Armour
 18081 | Lair:5   | Entered Level 5 of the Lair of Beasts
 18340 | Lair:5   | Reached skill level 5 in Armour
 18731 | Lair:5   | Found a viscous altar of Jiyva.
 18731 | Lair:5   | Found a staircase to the Slime Pits.
 19792 | D:12     | Reached XP level 15. HP: 114/115 MP: 15/15
 19881 | D:12     | Reached skill level 1 in Throwing
 20214 | D:12     | Noticed Maurice
 20220 | D:12     | Killed Maurice
 20571 | D:12     | Found a staircase to the Orcish Mines.
 20761 | D:13     | Found a gate to the Vaults.
 20779 | D:13     | Reached skill level 10 in Armour
 21476 | D:14     | Reached skill level 5 in Evocations
 22067 | D:15     | Entered Level 15 of the Dungeon
 22368 | D:15     | Found a broken altar of Ashenzari.
 22368 | D:15     | Noticed Jorgrun
 22381 | D:15     | Killed Jorgrun
 22383 | D:15     | Noticed Kirke
 22388 | D:15     | Killed Kirke
 22668 | D:15     | Found a staircase to the Depths.
 23145 | Orc:1    | Entered Level 1 of the Orcish Mines
 23290 | Orc:1    | Found a runed translucent door.
 23291 | Orc:1    | Found a shimmering altar of Xom.
 23292 | Orc:1    | Noticed Tollund's ghost (journeyman BaIE)
 23580 | Orc:2    | Entered Level 2 of the Orcish Mines
 23661 | Orc:2    | Found a staircase to the Elven Halls.
 23885 | Orc:2    | Found Yjol Huf's Magic Scroll Emporium.
 23889 | Orc:2    | Found Buenou's General Store.
 23927 | Orc:2    | Reached XP level 16. HP: 70/122 MP: 16/16
 24045 | Orc:2    | Bought a scroll of teleportation for 42 gold pieces
 24047 | Orc:2    | Bought a scroll of vulnerability for 56 gold pieces
 24047 | Orc:2    | Bought a scroll of vulnerability for 56 gold pieces
 24047 | Orc:2    | Bought a scroll of enchant weapon for 105 gold pieces
 24047 | Orc:2    | Bought a scroll of poison for 56 gold pieces
 24047 | Orc:2    | Bought a scroll of teleportation for 42 gold pieces
 24054 | Orc:2    | Noticed Azrael
 24074 | Orc:2    | Killed Azrael
 24387 | Orc:2    | Reached skill level 10 in Evocations
 24527 | Orc:2    | Found Muecuhy's Antique Weapon Shop.
 24527 | Orc:2    | Found Fatz's Book Boutique.
 24528 | Orc:2    | Found a one-way gate leading to the halls of Pandemonium.
 24679 | Orc:2    | Reached skill level 5 in Throwing
 24752 | Orc:2    | Found a runed translucent gate.
 24752 | Orc:2    | Found a runed translucent gate.
 24752 | Orc:2    | Found a runed translucent gate.
 24753 | Orc:2    | Noticed groovy9's ghost (journeyman TrBe)
 24830 | Orc:2    | Killed groovy9's ghost
 25062 | Swamp:1  | Entered Level 1 of the Swamp
 25070 | Swamp:1  | Noticed Donald
 25083 | Swamp:1  | Killed Donald
 25239 | Swamp:1  | Got the Volume of Rotation
 25281 | Swamp:1  | Noticed a tentacled monstrosity
 25295 | Swamp:1  | Killed a tentacled monstrosity
 26660 | Swamp:2  | Identified the +0 quarterstaff "Atiluevu" {speed, rF+}
 27016 | Swamp:3  | Noticed a thorn hunter
 27024 | Swamp:3  | Killed a thorn hunter
 27192 | Swamp:3  | Reached skill level 10 in Throwing
 27194 | Swamp:3  | Reached XP level 17. HP: 121/128 MP: 17/17
 28111 | Spider:1 | Entered Level 1 of the Spider Nest
 28400 | Spider:1 | Reached skill level 5 in Stealth
 30023 | Spider:3 | Identified the +1 chain mail of the Evil One {Str+4}
 30082 | Spider:3 | HP: 2/128 [wolf spider (12)]
 30088 | Spider:3 | Slain by a wolf spider

Illustrated notes

Levels and vault maps discovered:
D:1:      minmay_arrival_doors, layout_basic, basic_ecumenical_altar
D:2:      layout_basic
D:3:      layout_basic, minmay_misc_feat_chi, uniq_robin
D:4:      layout_cave_pools, amcnicky_altar_gilded, temple_doors_e,
          serial_shops, shop
D:5:      layout_cave_pools, trog_butcher_becter, serial_shops, shop,
          st_stairs_6
D:6:      layout_gridville, mainiacjoe_overflow_catwalk
D:7:      layout_basic, lemuel_tele_altar,
          hellmonk_guarded_unrand_vitality_bloodlust
D:8:      layout_basic, hangedman_decor_riveting
D:9:      layout_irregular_city, grunt_dithmenos_smoke_and_mirrors,
          kennysheep_mini_moat
D:10:     kennysheep_blocky_room, layout_loops_ring,
          nicolae_wu_jian_immortal_techniques, minmay_lair_entry_grove
D:11:     nrook_guardian_serpent_snake_passage, layout_long_grid, serial_ice,
          serial_ice_d, serial_ice_h, serial_ice_i, serial_ice_a,
          portal_ice_cave_entry_imps, special_room [special_room_bee]
D:12:     layout_long_grid, erik_orc_2, uniq_maurice
D:13:     layout_small_grid, lightli_vaults_fourway_checkpoint
D:14:     layout_gridville, nicolae_cairo_tiling_very_big
D:15:     gammafunk_depths_entry_grave, layout_long_grid,
          chequers_serial_rivers_room_b, gauntlet_entry_generic,
          evilmike_ruin_ashenzari, uniq_jorgrun, uniq_kirke
Temple:   hellmonk_temple_divided_pantheon
Lair:1:   layout_cave_shapes, beast_lair_carwin_7, serial_bayou_shore_a,
          uniq_prince_ribbit2
Lair:2:   layout_misc_corridors, spider_nest_entry_webs, serial_bayou_shore_b,
          uniq_nergalle
Lair:3:   layout_roguey, palyth_hydra_swamp_entry
Lair:4:   layout_gridlike, infiniplex_staircase_pool, uniq_josephine
Lair:5:   evilmike_catoblepas_cave, layout_loops_ring, slime_entry_1,
          nzn_sisyphean_effort, infiniplex_staircase_pool_2
Swamp:1:  layout_basic_swamp, evilmike_swamp_ruin_house_5, swamp_pool1,
          hangedman_swamp_dais, uniq_donald
Swamp:2:  layout_falls_marsh, evilmike_swamp_ruin_rubble_2,
          hangedman_swamp_diagram, swamp_pool1, nicolae_swamp_drake_lake
Swamp:3:  layout_basic_swamp, nicolae_swamp_small_spring, swamp_pool2
Spider:1: layout_spider_delve
Spider:2: layout_spider_delve
Spider:3: layout_spider_delve, uniq_arachne
Orc:1:    layout_caves, ebering_ghost_xom, minmay_orc_temple_a
Orc:2:    pf_orc_diabolical, layout_diamond_mine, gammafunk_ghost_necromancy,
          uniq_azrael

Skill      XL: |  1  2  3  4  5  6  7  8  9 10 11 12 13 14 15 16 17 |
---------------+----------------------------------------------------+-----
Fighting       | 4 5 6 8 9 10 | 10.0
Polearms       | 6 9 12 14 | 14.0
Dodging        | 5 8 12 | 12.0
Shields        | 6 9 10 | 10.0
Evocations     | 4 8 10 | 10.0
Armour         | 8 10 | 10.0
Throwing       | 4 10 | 10.0
Stealth        | 9 |  9.2

Action                   |  1- 3 |  4- 6 |  7- 9 | 10-12 | 13-15 | 16-18 || total
-------------------------+-------+-------+-------+-------+-------+-------++-------
Melee: Spear             |   188 |   118 |       |       |       |       ||   306
       Punch             |     1 |       |       |       |       |       ||     1
       Demon trident     |       |    51 |   188 |   766 |  1351 |   856 ||  3212
       Trident           |       |       |       |       |    26 |    31 ||    57
Throw: Dart              |     1 |    17 |    14 |    25 |    35 |    11 ||   103
       Javelin           |     1 |     8 |       |     6 |       |       ||    15
       Boomerang         |       |       |     9 |    40 |    30 |    65 ||   144
Invok: Potion Petition   |       |       |       |     2 |     1 |     5 ||     8
Evoke: Wand              |       |       |     6 |    20 |     2 |     5 ||    33
       Phantom mirror    |       |       |       |       |     2 |     3 ||     5
       Condenser vane    |       |       |       |       |     2 |     2 ||     4
       Piece from Xom's  |       |       |       |       |       |     3 ||     3
       Box of beasts     |       |       |       |       |       |     1 ||     1
  Use: Scroll            |     1 |    15 |    11 |    13 |     6 |     9 ||    55
 Stab: Sleeping          |     2 |     3 |       |     1 |       |       ||     6
       Distracted        |     2 |     1 |       |    14 |     9 |    15 ||    41
       Invisible         |       |       |       |       |       |     3 ||     3
Armor: Ring mail         |    59 |    73 |     2 |    89 |       |       ||   223
       Chain mail        |       |       |    61 |    29 |       |       ||    90
       Plate armour      |       |       |       |    52 |   442 |   426 ||   920
Dodge: Dodged            |   100 |    94 |    46 |   131 |   193 |   182 ||   746
Block: Buckler           |    11 |    24 |    66 |    94 |       |       ||   195
       Reflection        |       |       |     3 |    12 |       |       ||    15
       Tower shield      |       |       |       |   275 |   918 |   542 ||  1735
